AoeStats
← Mointez

Arabian Desert

510008950Analyzed
1v1 RM · 4d ago on Sep 29, 2026· 30m 29s· 2 players
Game mode
Random Map
Map size
Tiny (2 player)
Population
200
Speed
Normal
Resources
Standard
Victory
Conquest
Starting age
Dark Age
Ending age
Imperial Age
RankedLock teamsTeams togetherTeam positionsShared explorationLock speedFull tech treeHidden civsTurbo modeCheats
Victory
Defeat
🇦🇺 Ethiopians · Australia
1255
+16
🇺🇸 Koreans · United States
1252
-16
Mointez
5:55 Loom
8:55 Feudal Age
24:23 Castle Age
23:34 Fletching
25:20 Crossbowman
Nukeorlas
6:57 Loom
9:20 Feudal Age
14:33 Gold Mining
15:50 Double-Bit Axe
23:18 Castle Age
21:19 Horse Collar
23:25 Fletching
24:01 Bodkin Arrow
25:37 Wheelbarrow
28:19 Husbandry
29:54 Scale Barding Armor
Connection lost

Rejoining the realm…

Still unreachable

The connection could not be restored.

Session expired

The server has moved on; the page needs a fresh start.